 Dungeon Crawl Stone Soup version 0.19.3-1-g3169bf9 (webtiles) character file.

206 galech the Cudgeler (level 5, -4/55 HPs)
             Began as an Ogre Fighter on Jan 24, 2017.
             Was an Initiate of Makhleb.
             Slain by a worker ant (6 damage)
             ... on level 3 of the Dungeon.
             The game lasted 00:05:26 (2676 turns).

galech the Cudgeler (Ogre Fighter)                  Turns: 2676, Time: 00:05:27

Health: -4/55      AC:  3    Str: 22    XL:     5   Next: 84%
Magic:  5/5        EV:  9    Int:  9    God:    Makhleb [......]
Gold:   78         SH:  9    Dex:  9    Spells: 0 memorised, 4 levels left

rFire  . . .     SeeInvis .     a - +0 flail
rCold  . . .     Gourm    .     b - +0 robe
rNeg   . . .     Faith    .     c - +0 shield
rPois  .         Spirit   .     (helmet restricted)
rElec  .         Reflect  .     (no cloak)
rCorr  .         Harm     .     (gloves unavailable)
MR     .....     Clarity  +     (boots unavailable)
Stlth  +.........               (no amulet)
                                (no ring)
                                p - +3 ring of slaying

@: slowed, very slow
A: unfitting armour, clarity, clever 1, deterioration 1, tough skin 1
a: Renounce Religion


You were on level 3 of the Dungeon.
You worshipped Makhleb.
Makhleb was noncommittal.
You were not hungry.

You visited 1 branch of the dungeon, and saw 4 of its levels.

You collected 78 gold pieces.

Inventory:

Hand Weapons
 a - a +0 flail (weapon)
Armour
 b - a +0 robe (worn)
 c - a +0 shield (worn)
Jewellery
 p - a +3 ring of slaying (left hand)
Scrolls
 e - a scroll of blinking {unknown}
 g - a scroll of amnesia {unknown}
 h - 3 scrolls of identify {unknown}
 k - a scroll of teleportation {unknown}
 r - a scroll of enchant weapon {unknown}
 s - a scroll of fear {unknown}
Potions
 d - a potion of might
 m - a potion of heal wounds {unknown}
 n - a potion of resistance {unknown}
 o - a potion of degeneration {unknown}
 q - 2 potions of magic {unknown}
Comestibles
 f - 2 bread rations
 j - a chunk of flesh
 l - 2 meat rations
 t - a royal jelly
 u - a slice of pizza


   Skills:
 + Level 4.9 Fighting
 + Level 5.0 Maces & Flails
 + Level 3.5 Dodging
 + Level 0.4 Stealth
 + Level 3.6 Shields


You had 4 spell levels left.
You didn't know any spells.

Dungeon Overview and Level Annotations

Branches:
Dungeon (4/15)
 Temple: D:4-7

Altars:
Ashenzari
Elyvilon
Makhleb
Ru
Trog


Innate Abilities, Weirdness & Mutations

You are too large for most types of armour.
You have tough skin. (AC +1)
You possess an exceptional clarity of mind.
Your mind is acute. (Int +2)
Your body sometimes deteriorates upon taking damage.


Message History

* * * LOW HITPOINT WARNING * * *
You block the worker ant's attack.
There is a stone staircase leading up here.
Things that are here:
a dagger; a robe Something hits you but does no damage.
The orc wizard begins to cast a cantrip, but forgets the words!
The worker ant bites you.
* * * LOW HITPOINT WARNING * * *
Something hits you but does no damage.
The orc wizard gestures at you while chanting.
The magic dart hits you!
* * * LOW HITPOINT WARNING * * *
You block the worker ant's attack.
You climb upwards.
There is a stone staircase leading down here.
It was a potion of mutation.
You feel extremely strange.
Your thoughts seem clearer.
You feel yourself wasting away.
You feel clever. The worker ant bites you.
You die...

#.# ####..##.# #.##.# #.# #.#..
#.# #..##.# #.##.###.# #.#.#
#.######..##.# #........#####.#.#
#............# ####.######.......
#######...#### #.# #..##..#
...###.....## ##.# #..##..#
##÷##.......## ##..# #..##...
##.#.........####a..######..#....
...'.........'.o@...........^....
##.#.........####{..#######.#.#..
##.##.......## #...# #.#.##.
##.###.....## #.### #.÷<... ...#
##...## #.# ###.### #### ##'##
#.# #.# ##.##### #.# #.# #......#
#.# #.# ### #..###.####.# #.#


You could see a worker ant and an orc wizard.

Vanquished Creatures
  An orc priest (D:3)
  3 orc wizards
  2 adders (D:2)
  An ooze (D:3)
  3 worms (D:2)
  3 dart slugs
  2 leopard geckos
  An orc (D:3)
  3 bats
  4 giant cockroaches
  6 goblins
  5 hobgoblins
  3 jackals (D:3)
  A quokka (D:2)
  A ball python (D:3)
  3 frilled lizards
  8 kobolds
  7 rats
57 creatures vanquished.

Notes
Turn   | Place    | Note
-------+----------+-------------------------------------------
     0 | D:1      | galech the Ogre Fighter began the quest for the Orb.
     0 | D:1      | Reached XP level 1. HP: 24/24 MP: 1/1
   301 | D:1      | Reached XP level 2. HP: 29/32 MP: 2/2
   440 | D:2      | Found a white marble altar of Elyvilon.
   440 | D:2      | Found a shattered altar of Ashenzari.
   446 | D:2      | Found a faded altar of an unknown god.
   449 | D:2      | Reached skill level 3 in Maces & Flails
   453 | D:2      | Found a sacrificial altar of Ru.
   454 | D:2      | Found a bloodstained altar of Trog.
   511 | D:2      | Reached XP level 3. HP: 5/40 MP: 3/3
  1149 | D:2      | Found a burning altar of Makhleb.
  1328 | D:2      | Reached XP level 4. HP: 43/49 MP: 4/4
  1721 | D:3      | Reached skill level 4 in Maces & Flails
  1979 | D:2      | Became a worshipper of Makhleb the Destroyer
  2090 | D:3      | Reached XP level 5. HP: 22/55 MP: 5/5
  2672 | D:4      | Reached skill level 5 in Maces & Flails
  2674 | D:4      | HP: 1/55 [orc wizard/magic dart (7)]
  2676 | D:3      | Gained mutation: You possess an exceptional clarity of mind. [potion of mutation]
  2676 | D:3      | Gained mutation: Your body sometimes deteriorates upon taking damage. [potion of mutation]
  2676 | D:3      | Gained mutation: Your mind is acute. (Int +2) [potion of mutation]
  2676 | D:3      | Slain by a worker ant

Skill      XL: |  1  2  3  4  5 |
---------------+----------------+-----
Dodging        | 3 |  3.5
Maces & Flails | 3 4 5 |  5.0
Shields        | 3 |  3.6
Fighting       | |  4.9
Stealth        | |  0.4

Action                   |  1- 3 |  4- 6 || total
-------------------------+-------+-------++-------
Melee: Flail             |    95 |    75 ||   170
  Use: Potion            |       |     1 ||     1
  Eat: Chunk             |     1 |     5 ||     6
Armor: Robe              |    25 |    23 ||    48
Dodge: Dodged            |    35 |    21 ||    56
Block: Shield            |    43 |    40 ||    83
